Map: Winter Madness LE

Players

Zoun - Winner!

  • Race: Protoss Protoss
  • League: Master
  • Spawn Location: 11:00

ratgameplay (uThermal)

  • Race: Terran Terran
  • League: Master
  • Spawn Location: 5:00

VOD

Have the link to the VOD?

Description

Time

  • Played on: Jan. 30, 2026, 10 a.m.
  • Length: 4:34
Show
View Real Time Build Order
Export as new Build Order

Zoun Protoss - Winner!

Build Orders:  

Get SALT Encoding   

  12  0:00  Probe  
  13  0:12  Probe  
  14  0:17  Pylon  
  14  0:23  Probe  
  15  0:31  Probe  
  16  0:36  Gateway  
  16  0:39  Probe  
  16  0:45  Assimilator  
  17  0:50  Probe  
  18  1:03  Probe  
  19  1:15  Probe  
  20  1:23  Cybernetics Core  
  20  1:27  Probe  
  20  1:30  Assimilator  
  21  1:34  Pylon  
  22  1:40  Probe  
  22  1:47  Stalker  
  22  1:52  Probe  
  23  1:59  Warp Gate  
  25  2:04  Shield Battery  
  26  2:08  Probe  
  26  2:20  Probe, Stalker  
  29  2:33  Nexus  
  29  2:39  Pylon  
  29  2:43  Probe  
  30  2:51  Twilight Council  
  30  2:56  Probe, Sentry  
  33  3:05  Gateway  
  33  3:11  Probe  
  34  3:18  Shield Battery  
  34  3:23  Probe  
  35  3:35  Gateway  
  34  3:48  Stalker  
  36  3:59  Stalker  
  36  4:01  Probe  
  36  4:02  Shield Battery  
  39  4:09  Probe  
  40  4:13  Stalker  
  40  4:14  Probe  
  43  4:22  Probe  
  44  4:28  Stalker  
Show
View Real Time Build Order
Export as new Build Order

ratgameplay Terran 

Build Orders: 2 Factory, Cyclone Opening 

Get SALT Encoding   

  12  0:00  SCV  
  13  0:12  SCV  
  14  0:17  Supply Depot  
  14  0:24  SCV  
  15  0:39  SCV  
  15  0:40  Barracks  
  16  0:45  Refinery  
  16  0:51  SCV  
  16  0:55  Refinery  
  17  1:03  SCV  
  18  1:15  SCV  
  19  1:27  Reaper, Orbital Command  
  20  1:42  Factory  
  20  1:46  Supply Depot  
  20  1:53  SCV  
  21  2:02  Factory  
  21  2:05  SCV  
  22  2:17  SCV  
  23  2:27  Factory Tech Lab  
  23  2:29  SCV  
  23  2:42  Supply Depot  
  23  2:45  Cyclone  
  23  2:46  Factory Tech Lab  
  23  2:47  Mag-Field Accelerator  
  23  2:50  SCV  
  27  2:57  Supply Depot  
  27  3:06  Cyclone  
  30  3:14  Supply Depot  
  30  3:24  Cyclone  
  33  3:37  Command Center  
  33  3:46  Cyclone  
  36  3:53  SCV  
  37  4:09  SCV  
Tags
 
Add a new tag
Caveats
  • Supply blocks, unpowered buildings, or Contaminate may cause inaccurate times.
  • Supply counts are checked every 10 seconds.